 Dungeon Crawl Stone Soup version 5.6-49-g8abd877 (webtiles) character file.

124 HarryHood the Basher (level 13, -6/89 HPs) *CASUAL*
             Began as a Gargoyle Fighter on Oct 10, 2018.
             Was a Priest of Qazlal.
             Killed by divine providence
             ... invoked by an orc priest
              (10 damage)
             ... on level 12 of the Dungeon.
             The game lasted 00:40:51 (9534 turns).

HarryHood the Basher (Gargoyle Fighter)             Turns: 9534, Time: 00:40:51

Health: -6/89      AC: 27 (50%)Str: 25  XL:     13   Next: 79%
Magic:  29/29      EV:  6    Int: 13    God:    Qazlal [3*[89]]
Gold:   624        SH: 30    Dex: 10    Spells: 21/21 levels left

rFire    . . .     SeeInvis .   a - +4 flail (devast)
rCold    . . .     Faith    .   g - +4 shield
rNeg     + . .     Spirit   .   l - +0 plate armour
rPois    ∞         Reflect  +   u - +0 helmet
rElec    +                      c - +2 cloak {MP+9}
rCorr    .                      f - +1 pair of gloves
MR       .....                  (no boots)
Stlth    ..........             h - +3 amulet of reflection
Regen    0.3/turn               s - +5 ring of intelligence
MPRegen  0.3/turn               (no ring)

@: slowed, very slow
A: negative energy resistance 1, electricity resistance, unbreathing,
petrification resistance, rot immunity, AC +9
a: Upheaval, Cloud Surge, Renounce Religion


You were on level 12 of the Dungeon.
You worshipped Qazlal.
Qazlal was most pleased with you.
You were not hungry.

You visited 2 branches of the dungeon, and saw 13 of its levels.
You visited the bazaar 1 time.

You collected 946 gold pieces.
You spent 322 gold pieces at shops.

Inventory:

Hand Weapons
 a - a +4 flail of devastation (weapon)
Missiles
 o - 84 tomahawks (quivered)
Armour
 c - a +2 cloak of magical power (worn)
 f - a +1 pair of gloves (worn)
 g - a +4 shield (worn)
 l - a +0 plate armour (worn)
 u - a +0 helmet (worn)
Jewellery
 h - a +3 amulet of reflection (around neck)
 p - an uncursed amulet of destruction
 s - a +5 ring of intelligence (left hand)
Wands
 v - a wand of digging (8)
Scrolls
 b - 3 scrolls of fear
 n - 3 scrolls of magic mapping {@r5}
 q - 4 scrolls of teleportation {@r0}
 r - 2 scrolls of blinking {@r7}
Potions
 d - 3 potions of augmentation
 e - 5 potions of haste
 i - 3 potions of lignification
 j - a potion of resistance
 k - 3 potions of heal wounds {@q1}
 m - a potion of ambrosia
 t - 2 potions of invisibility
 z - 2 potions of mutation
 A - a potion of magic


   Skills:
 + Level 13.8 Fighting
 - Level 14.0 Maces & Staves
 - Level 3.2 Armour
 * Level 11.0 Shields
 + Level 10.3 Invocations


You had 21 spell levels left.
You didn't know any spells.
Your spell library contained the following spells:

 Spells                   Type           Power        Failure   Level  Hunger
 Magic Dart               Air            0 (25)       100%        1    N/A
 Conjure Flame            Fire/Air       0 (100)      100%        3    N/A
 Bolt of Fire             Fire           0 (200)      100%        6    N/A
 Slow                     Hex            0 (100)      100%        2    N/A
 Summon Small Mammal      Summ           0 (25)       100%        1    N/A
 Fire Storm               Fire           0 (200)      100%        9    N/A
 Blink                    Tloc           N/A          100%        2    N/A
 Ozocubu's Refrigeration  Ice            0 (200)      100%        7    N/A
 Summon Ice Beast         Ice/Summ       0 (100)      100%        4    N/A
 Call Imp                 Summ           0 (100)      100%        2    N/A
 Sublimation of Blood     Necr           0 (200)      100%        2    N/A
 Shadow Creatures         Summ           N/A          100%        6    N/A
 Passwall                 Tmut/Erth      0 (200)      100%        2    N/A
 Call Canine Familiar     Summ           0 (100)      100%        3    N/A
 Ensorcelled Hibernation  Hex/Ice        0 (50)       100%        2    N/A
 Silence                  Hex/Air        0 (200)      100%        4    N/A
 Chain Lightning          Air            0 (200)      100%        8    N/A
 Orb of Destruction       Erth           0 (200)      100%        7    N/A
 Darkness                 Hex            0 (200)      100%        7    N/A
 Iskenderun's Battlesphe  Chrm/Summ      0 (100)      100%        5    N/A
 Fulminant Prism          Air            0 (200)      100%        5    N/A
 Summon Lightning Spire   Summ/Air       0 (100)      100%        4    N/A
 Summon Guardian Golem    Hex/Summ       0 (100)      100%        3    N/A
 Spellforged Servitor     Summ           0 (200)      100%        7    N/A

Dungeon Overview and Level Annotations

Branches:
Dungeon (12/15)            Bazaar (1/1)

Altars:
Cheibriados
Dithmenos
Elyvilon
Gozag
Jiyva
Kikubaaqudgha
Lugonu
Makhleb
Nemelex Xobeh
Okawaru
Qazlal
Ru
Sif Muna
Trog
Uskayaw
Vehumet
Wu Jian
Xom
Yredelemnul
Zin
The Shining One

Shops:
Bazaar }(:[!


Innate Abilities, Weirdness & Mutations

You are resistant to torment.
Your stone body is resilient. (AC +9)
You are immune to poison.
You resist negative energy. (rN+)
You are resistant to electric shocks. (rElec)
You can survive without breathing.
You are immune to petrification.
You are immune to rotting.


Message History

You block the centaur's attack.
The centaur warrior zombie is engulfed in freezing vapours (1).
You block the centaur warrior zombie's attack.
You block the centaur's attack.
The orc wizard casts a spell.
The orc wizard seems to speed up.
The ice beast barely misses you. The troll barely misses you.
The troll claws you but does no damage. x2
The centaur warrior zombie is engulfed in freezing vapours (2).
The centaur warrior zombie barely misses you.
You sock the troll (9)!
The blow is devastating (7)!
You kill the troll!
Qazlal accepts your kill.
The +0 troll leather armour is intact enough to wear.
Your Shields skill increases to level 11!
You block the centaur's attack.
The orc wizard points at you and mumbles some strange words.
You feel yourself slow down.
The orc priest invokes the aid of Beogh against you.
Beogh smites you (10)!
You die...

..............
T..#.........
............ .
......#..... P..
....#...... ....#
.o........
....§.##co.......
. #.Z@[o#......
.......#Y........
.......#.........
.#.........#....
#....#...........
P.............P..
...........P.....
##....(..###.....
#▓▓▓#.... P....


You could see an ice beast, a centaur, an orc priest, an orc wizard, an orc and
a centaur warrior zombie.

Vanquished Creatures
  Snorg (D:11)
  A hydra (D:11)
  A two-headed ogre (D:8)
  2 tengu warriors (D:10)
  Urug (D:11)
  2 orc high priests
  Pikel (D:7)
  2 deep elf magi (D:11)
  2 ugly things
  2 spiny frogs
  3 trolls
  Grinder (D:6)
  3 blink frogs (D:11)
  A shadow (D:8)
  17 yaks
  Eustachio (D:4)
  An angry ghost (D:9)
  Menkaure (D:8)
  An acid dragon (D:11)
  Edmund (D:4)
  A water moccasin (D:9)
  A spiny frog zombie (D:9)
  2 ice beasts
  2 wasps (D:10)
  4 orc warriors
  4 ogres
  3 centaurs
  A rime drake zombie (D:11)
  A blink frog skeleton (D:8)
  A wyvern zombie (D:11)
  A bullfrog (D:8)
  3 wyvern skeletons
  A water moccasin skeleton (D:8)
  3 scorpions
  18 killer bees
  3 crimson imps
  14 wights
  2 howler monkeys
  3 wasp zombies
  3 jellies
  4 orc priests
  4 hounds
  An iron imp (D:6)
  8 orc wizards
  5 centaur skeletons
  Terence (D:3)
  Natasha (thrice) (D:3)
  3 worker ants
  2 killer bee zombies
  3 iguanas
  A hound zombie (D:5)
  2 hound skeletons
  3 gnolls (D:6)
  A howler monkey zombie (D:5)
  3 adders
  2 shadow imps
  4 oozes
  An adder skeleton (D:4)
  5 dart slugs
  31 orcs
  7 quokkas
  8 bats
  3 giant cockroaches
  8 goblins
  5 hobgoblins
  A jackal (D:2)
  8 kobolds
  2 ball pythons (D:1)
  4 frilled lizards
  A jackal zombie (D:5)
  6 rats
256 creatures vanquished.

Vanquished Creatures (others)
  A centaur (D:9)
  A wight (D:11)
  A fungus (D:10)
3 creatures vanquished.

Grand Total: 259 creatures vanquished

Notes
Turn   | Place    | Note
-------+----------+-------------------------------------------
     0 | D:1      | HarryHood the Gargoyle Fighter began the quest for the Orb.
     0 | D:1      | Reached XP level 1. HP: 14/14 MP: 2/2
    52 | D:1      | Reached XP level 2. HP: 19/19 MP: 3/3
    97 | D:1      | Reached skill level 3 in Maces & Staves
   220 | D:1      | Reached XP level 3. HP: 19/23 MP: 4/4
   551 | D:1      | Reached skill level 4 in Maces & Staves
   821 | D:2      | Found a bloodstained altar of Trog.
   894 | D:2      | Reached XP level 4. HP: 28/28 MP: 6/6
   927 | D:2      | Found an opulent altar of Gozag.
   932 | D:2      | Found a glowing golden altar of the Shining One.
   959 | D:2      | Found a sacrificial altar of Ru.
   983 | D:2      | Reached skill level 5 in Maces & Staves
   983 | D:2      | Reached XP level 5. HP: 31/32 MP: 7/7
  1023 | D:2      | Found an iron altar of Okawaru.
  1076 | D:2      | Found a faded altar of an unknown god.
  1117 | D:2      | Found a radiant altar of Vehumet.
  1118 | D:2      | Found a sparkling altar of Nemelex Xobeh.
  1118 | D:2      | Found a corrupted altar of Lugonu.
  1357 | D:3      | Found a basalt altar of Yredelemnul.
  1399 | D:3      | Noticed Natasha
  1412 | D:3      | Killed Natasha
  1412 | D:3      | Reached skill level 6 in Maces & Staves
  1412 | D:3      | Reached XP level 6. HP: 19/37 MP: 8/8
  1427 | D:3      | Noticed Natasha
  1440 | D:3      | Killed Natasha
  1456 | D:3      | Reached skill level 4 in Fighting
  1536 | D:3      | Noticed Natasha
  1549 | D:3      | Killed Natasha
  1724 | D:3      | Noticed Terence
  1733 | D:3      | Killed Terence
  1747 | D:3      | Reached skill level 5 in Fighting
  1826 | D:3      | Reached XP level 7. HP: 43/44 MP: 10/10
  1890 | D:3      | Found a shadowy altar of Dithmenos.
  1930 | D:3      | Reached skill level 6 in Fighting
  2160 | D:4      | Found an ornate altar of the Wu Jian Council.
  2184 | D:4      | Found a snail-covered altar of Cheibriados.
  2213 | D:4      | Noticed Edmund
  2230 | D:4      | Killed Edmund
  2230 | D:4      | Reached skill level 7 in Maces & Staves
  2230 | D:4      | Reached XP level 8. HP: 46/52 MP: 11/11
  2357 | D:4      | Found an ancient bone altar of Kikubaaqudgha.
  2441 | D:4      | Found a shimmering altar of Xom.
  2516 | D:4      | Found a deep blue altar of Sif Muna.
  2632 | D:4      | Reached skill level 7 in Fighting
  2790 | D:4      | Reached skill level 8 in Maces & Staves
  2846 | D:4      | Noticed Eustachio
  2851 | D:4      | Killed Eustachio
  2937 | D:5      | Entered Level 5 of the Dungeon
  2992 | D:5      | Reached skill level 8 in Fighting
  2992 | D:5      | Reached skill level 9 in Maces & Staves
  2992 | D:5      | Reached XP level 9. HP: 59/59 MP: 12/12
  3048 | D:5      | Reached skill level 4 in Shields
  3497 | D:5      | Reached skill level 5 in Shields
  3625 | D:5      | Reached skill level 9 in Fighting
  3657 | D:5      | Found a white marble altar of Elyvilon.
  3689 | D:5      | Found a hide-covered altar of Uskayaw.
  4175 | D:6      | Noticed Grinder
  4177 | D:6      | Paralysed by Grinder for 6 turns
  4199 | D:6      | Killed Grinder
  4199 | D:6      | Reached skill level 6 in Shields
  4408 | D:6      | Found a glowing silver altar of Zin.
  4415 | D:6      | Reached skill level 10 in Fighting
  4417 | D:6      | Found a shadowy altar of Dithmenos.
  4607 | D:6      | Found a stormy altar of Qazlal.
  4613 | D:6      | Became a worshipper of Qazlal Stormbringer
  4655 | D:6      | Reached XP level 10. HP: 68/68 MP: 15/15
  4727 | D:6      | Found a burning altar of Makhleb.
  4732 | D:6      | Reached skill level 1 in Invocations
  4948 | D:7      | Reached skill level 10 in Maces & Staves
  4969 | D:7      | Reached skill level 2 in Invocations
  5155 | D:7      | Noticed Pikel
  5165 | D:7      | Killed Pikel
  5165 | D:7      | Reached skill level 3 in Invocations
  5255 | D:7      | Found a viscous altar of Jiyva.
  5481 | D:8      | Noticed a purple ugly thing
  5492 | D:8      | Killed a purple ugly thing
  5492 | D:8      | Reached skill level 11 in Maces & Staves
  5632 | D:8      | Noticed Menkaure
  5638 | D:8      | Killed Menkaure
  5638 | D:8      | Reached skill level 4 in Invocations
  5654 | D:8      | Got the +0 war axe of Linearity {vamp, rElec Dex+4}
  5663 | D:8      | Reached skill level 11 in Fighting
  5735 | D:8      | Reached XP level 11. HP: 74/74 MP: 17/17
  5740 | D:8      | Reached * piety under Qazlal
  5871 | D:8      | Noticed a two-headed ogre
  5881 | D:8      | Killed a two-headed ogre
  5881 | D:8      | Reached skill level 5 in Invocations
  6217 | D:8      | Reached skill level 12 in Maces & Staves
  6349 | D:8      | Got the +0 ring mail of the Sailor {rF+ MR+}
  6664 | D:9      | Reached skill level 7 in Shields
  6681 | D:9      | Reached skill level 6 in Invocations
  6725 | D:9      | Reached skill level 8 in Shields
  6787 | D:9      | Reached skill level 12 in Fighting
  6878 | D:9      | Reached ** piety under Qazlal
  6878 | D:9      | Reached skill level 7 in Invocations
  6892 | D:9      | Reached XP level 12. HP: 81/81 MP: 18/18
  7121 | D:9      | Reached skill level 9 in Shields
  7295 | D:10     | Entered Level 10 of the Dungeon
  7651 | D:10     | Noticed an orc high priest
  7677 | D:10     | Killed an orc high priest
  7677 | D:10     | Reached skill level 8 in Invocations
  7681 | D:10     | Reached skill level 13 in Maces & Staves
  7686 | D:10     | Noticed a tengu warrior
  7690 | D:10     | Noticed a tengu warrior
  7699 | D:10     | Killed a tengu warrior
  7711 | D:10     | Killed a tengu warrior
  8153 | D:10     | Got the +2 ring mail of Exclusion {Str+4}
  8342 | D:10     | Reached skill level 13 in Fighting
  8529 | D:11     | Reached skill level 9 in Invocations
  8529 | D:11     | Reached XP level 13. HP: 82/88 MP: 20/20
  8551 | D:11     | Reached *** piety under Qazlal
  8594 | D:11     | Reached skill level 14 in Maces & Staves
  8657 | D:11     | Noticed Urug
  8667 | D:11     | Killed Urug
  8886 | D:11     | Noticed Snorg
  8903 | D:11     | Killed Snorg
  8903 | D:11     | Reached skill level 10 in Shields
  8917 | D:11     | Reached skill level 10 in Invocations
  9096 | D:11     | Found a gateway to a bazaar.
  9131 | Bazaar   | Entered a bazaar
  9131 | Bazaar   | Found Ocvybed's Weapon Boutique.
  9131 | Bazaar   | Found Vaxt's Gadget Boutique.
  9131 | Bazaar   | Found Weteppew's Distillery.
  9131 | Bazaar   | Found Tuwad's Armour Boutique.
  9194 | Bazaar   | Bought a +2 cloak of magical power for 322 gold pieces
  9531 | D:12     | HP: 7/89 [troll (4)]
  9531 | D:12     | HP: 3/89 [troll (4)]
  9534 | D:12     | Reached skill level 11 in Shields
  9534 | D:12     | Killed from afar by an orc priest

Skill      XL: |  1  2  3  4  5  6  7  8  9 10 11 12 13 |
---------------+----------------------------------------+-----
Maces & Staves | 3 4 5 6 7 9 11 12 13 14 | 14.0
Fighting       | 5 6 8 10 11 12 13 | 13.8
Shields        | 6 8 9 11 | 11.0
Invocations    | 4 7 9 10 | 10.3
Armour         | |  3.2

Action                   |  1- 3 |  4- 6 |  7- 9 | 10-12 | 13-15 || total
-------------------------+-------+-------+-------+-------+-------++-------
Melee: Flail             |    57 |   156 |   185 |   296 |   111 ||   805
  Use: Scroll            |       |       |       |     2 |       ||     2
 Stab: Paralysed         |       |     3 |       |       |       ||     3
Armor: Scale mail        |    18 |       |       |       |       ||    18
       Chain mail        |     9 |   125 |       |       |       ||   134
       Plate armour      |       |     2 |   119 |   212 |    45 ||   378
Dodge: Dodged            |    19 |    45 |    19 |    50 |    17 ||   150
Block: Shield            |    22 |   114 |   130 |   377 |   169 ||   812
       Reflection        |       |       |     6 |     5 |     4 ||    15
